 Dungeon Crawl Stone Soup version 0.17-a0-1997-ga88ed7d (webtiles) character file.

271 Ordine the Skirmisher (level 6, -1/45 HPs)
             Began as an Octopode Fighter on Oct 8, 2015.
             Slain by a wraith (9 damage)
             ... in an ossuary.
             The game lasted 00:07:23 (2927 turns).

Ordine the Skirmisher (Octopode Fighter)            Turns: 2927, Time: 00:07:23

Health: -1/45      AC:  1    Str: 17    XL:     6   Next: 23%
Magic:  15/15      EV: 10    Int: 11    God:
Gold:   184        SH: 10    Dex: 13    Spells: 0 memorised, 5 levels left

rFire  . . .     SeeInvis .     a - +2 long sword
rCold  . . .     Clarity  .     b - +1 shield
rNeg   + . .     SustAt   .     (helmet restricted)
rPois  .         Gourm    .     (no amulet)
rElec  .         Spirit   .     m - ring of magical power
rCorr  .         Warding  .     c - ring of invisibility
rMut   .         Stasis   .     l - ring of positive energy
MR     .....                    (no ring)
Stlth  ++........               (no ring)
                                (no ring)
                                (no ring)
                                (no ring)

@: not resistant to hostile enchantments, unstealthy
A: almost no armour, amphibious, 8 rings, constrict 8, camouflage 1, strong 1,
gelatinous body 1
a: Evoke Invisibility


You were in an ossuary.
You were hungry.

You visited 1 branch of the dungeon, and saw 4 of its levels.
You also visited: Ossuary.

You collected 184 gold pieces.

Inventory:

Hand Weapons
 a - a +2 long sword (weapon)
Missiles
 h - a throwing net
 o - 104 stones (quivered)
Armour
 b - a +1 shield (worn)
Jewellery
 c - a ring of invisibility (right tentacle)
 l - a ring of positive energy (on tentacle)
 m - a ring of magical power (left tentacle)
Scrolls
 i - 2 scrolls of remove curse
 j - a scroll of blinking
 n - a scroll of recharging
 w - 3 scrolls of magic mapping
Potions
 e - a potion of flight
 g - 2 potions of invisibility
 p - a potion of cure mutation {unknown}
 q - a potion of magic {unknown}
 s - 3 potions of curing
 u - a potion of brilliance {unknown}
 v - a potion of agility {unknown}
 x - a potion of poison {unknown}
Comestibles
 d - 3 bread rations
 f - a meat ration
 r - a royal jelly
 t - a slice of pizza


   Skills:
 + Level 5.2 Fighting
 + Level 4.7 Long Blades
 - Level 3.0 Dodging
 - Level 3.0 Shields


You had 5 spell levels left.
You didn't know any spells.

Dungeon Overview and Level Annotations

Branches:
Dungeon (4/15)
 Temple: D:4-7

Altars:
The Shining One


Innate Abilities, Weirdness & Mutations

You cannot wear most types of armour.
You are amphibious.
You can wear up to eight rings at the same time.
You can use your tentacles to constrict eight enemies at once.
Your skin changes colour to match your surroundings (Stealth).
Your rubbery body absorbs attacks (AC +1).
Your muscles are strong. (Str +2)


Message History

The wraith hits you.
* * * LOW HITPOINT WARNING * * *
You hit the wraith but do no damage.
The wraith is moderately damaged.
You block the wraith's attack.
A kobold skeleton comes into view.
Drink which item? (? for menu, Esc to quit)
You feel better. The wraith closely misses you.
You hit the wraith.
The wraith is moderately damaged.
You block the kobold skeleton's attack. The wraith hits you.
You hit the wraith but do no damage.
The wraith is moderately damaged.
You block the wraith's attack. The kobold skeleton closely misses you.
You hit the wraith but do no damage. Your squeeze misses the wraith.
The wraith is moderately damaged.
The wraith hits you!
* * * LOW HITPOINT WARNING * * *
You block the kobold skeleton's attack. The wraith hits you!
You die...

### .. ..##
..#####...##
.##...##...## .
##..!..##...# ..
#.?.!!..W...+
...##.!.?.##@..#
#...##...##Z..##
#...#####Z..## .
#.........##...
.#####'#####....
.................
.................
######'''########
#...####


You could see a wraith and 2 kobold skeletons.

Vanquished Creatures
  The ghost of Gargoyl the Skirmisher, an amateur DsAK of Lugonu (D:3)
  A giant frog (D:3)
  A worker ant (D:4)
  A mummy (Ossuary)
  5 adders
  A worm (D:2)
  3 giant geckos
  3 goblins
  4 hobgoblins
  A quokka (D:3)
  7 bats
  2 giant newts
  4 gnoll skeletons (Ossuary)
  5 kobolds
  2 kobold skeletons (Ossuary)
  3 orc skeletons (Ossuary)
  4 rats
48 creatures vanquished.

Notes
Turn   | Place    | Note
--------------------------------------------------------------
     0 | D:1      | Ordine the Octopode Fighter began the quest for the Orb.
     0 | D:1      | Reached XP level 1. HP: 16/16 MP: 1/1
   204 | D:1      | Reached XP level 2. HP: 21/21 MP: 2/2
   541 | D:1      | Reached XP level 3. HP: 12/26 MP: 3/3
  1672 | D:3      | Reached skill level 4 in Fighting
  1672 | D:3      | Reached XP level 4. HP: 28/33 MP: 4/4
  1735 | D:3      | Noticed Gargoyl's ghost (amateur DsAK)
  1742 | D:3      | Killed Gargoyl's ghost
  1742 | D:3      | Reached XP level 5. HP: 27/38 MP: 5/5
  1752 | D:3      | Noticed a giant frog
  1755 | D:3      | Killed a giant frog
  1847 | D:3      | Reached skill level 5 in Fighting
  2178 | D:3      | Gained mutation: Your muscles are strong. (Str +2) [potion of beneficial mutation]
  2255 | D:3      | Found a glowing golden altar of the Shining One.
  2305 | D:4      | Reached XP level 6. HP: 45/45 MP: 6/6
  2548 | D:4      | Found a sand-covered staircase.
  2556 | Ossuary  | Entered an ossuary
  2556 | Ossuary  | Noticed a wraith
  2556 | Ossuary  | Noticed a wraith
  2556 | Ossuary  | Noticed a wraith
  2912 | Ossuary  | Noticed a wraith
  2927 | Ossuary  | Slain by a wraith

Vault maps used:
D:1:      dpeg_arrival_more_subterranean_lakeside_camping, minivault_11
D:3:      tso_altar, serial_curves, eino_curves_02, eino_curves_01
D:4:      nicolae_ru_awakened_eye, nicolae_ossuary_entry_ruins, first_bread
Ossuary:  ossuary_due_mausoleum

Action                   |  1- 3 |  4- 6 || total
-------------------------+-------+-------++-------
Melee: Long sword        |    47 |    53 ||   100
  Use: Scroll            |    11 |     4 ||    15
       Potion            |       |     3 ||     3
 Stab: Sleeping          |    11 |     4 ||    15
  Eat: Chunk             |     2 |     2 ||     4
       Beef jerky        |       |     1 ||     1
